 Dungeon Crawl Stone Soup version 0.25.1-8-g42b30a86e7 (webtiles) character file.

Game seed: 8640396217478063823

6554 Abzac the Grappler (level 10, -2/92 HPs)
             Began as a Troll Monk on Dec 20, 2020.
             Was an Elder of Wu Jian.
             Slain by a troll (9 damage)
             ... on level 9 of the Dungeon.
             The game lasted 00:20:53 (8352 turns).

Abzac the Grappler (Troll Monk)                     Turns: 8352, Time: 00:20:56

Health: -2/92      AC:  6    Str: 24    XL:     10   Next: 70%
Magic:  9/9        EV: 12    Int:  6    God:    Wu Jian [****..]
Gold:   464        SH:  0    Dex: 12    Spells: 9/9 levels left

rFire    x . .     SeeInvis .     - Unarmed
rCold    + . .     Gourm    +   (no shield)
rNeg     . . .     Faith    .   a - +0 robe
rPois    +         Spirit   .   (helmet restricted)
rElec    .         Reflect  .   (no cloak)
rCorr    .         Harm     .   (gloves unavailable)
MR       .....                  (boots unavailable)
Stlth    ++........             l - amulet of the acrobat
HPRegen  0.65/turn              j - ring of ice
MPRegen  0.11/turn              c - ring of poison resistance

@: no status effects
A: large, unfitting armour, claws 3, fast metabolism 3, gourmand, regeneration
1, shaggy fur 1, tough skin 3
a: Wall Jump, Serpent's Lash, Renounce Religion


You were on level 9 of the Dungeon.
You worshipped Wu Jian.
Wu Jian was greatly pleased with you.
You were completely stuffed.

You visited 2 branches of the dungeon, and saw 10 of its levels.

You collected 464 gold pieces.

Inventory:

Armour
 a - a +0 robe (worn)
 n - a +0 pair of boots
Jewellery
 c - a ring of poison resistance (right claw)
 j - a ring of ice (left claw)
 l - an amulet of the acrobat (around neck)
 z - an uncursed ring of poison resistance
 C - a cursed -4 ring of slaying {unknown}
Wands
 x - a wand of iceblast (6)
 y - a wand of random effects (13)
 B - a wand of polymorph (7)
Scrolls
 e - a scroll of amnesia
 f - 2 scrolls of immolation
 h - a scroll of noise {unknown}
 i - 2 scrolls of magic mapping {unknown}
 m - 2 scrolls of fear
 o - 2 scrolls of remove curse {unknown}
 p - 8 scrolls of teleportation {unknown}
 u - 2 scrolls of blinking {unknown}
 v - 4 scrolls of enchant weapon
Potions
 d - 5 potions of curing
 g - a potion of invisibility {unknown}
 k - 2 potions of brilliance
 q - 3 potions of stabbing
 r - a potion of ambrosia {unknown}
 s - 3 potions of degeneration {unknown}
 t - 5 potions of cancellation
 w - 2 potions of flight {unknown}
 D - a potion of heal wounds {unknown}
Comestibles
 b - 15 rations
 A - 2 chunks of flesh


   Skills:
 + Level 4.0 Fighting
 + Level 5.2 Dodging
 - Level 1.0 Stealth
 * Level 14.5 Unarmed Combat


You had 9 spell levels left.
You didn't know any spells.
Your spell library was empty.

Dungeon Overview and Level Annotations

Branches:
Dungeon (9/15)             Temple (1/1) D:4            Lair (0/6) D:9
    Orc: D:9-12

Altars:
Ashenzari
Cheibriados
Dithmenos
Elyvilon
Fedhas
Hepliaklqana
Kikubaaqudgha
Makhleb
Nemelex Xobeh
Okawaru
Qazlal
Ru
Sif Muna
Trog
Uskayaw
Vehumet
Wu Jian
Xom
Zin
The Shining One

Shops:
D:5 =   D:6 =   D:7 =%(%

Annotations:
D:7 2 transporters, execc's ghost, novice OpCj


Innate Abilities, Weirdness & Mutations

You are too large for most types of armour.
You have claws for hands.
Your metabolism is lightning-fast.
You like to eat raw meat.
Your natural rate of healing is unusually fast.
You are covered in fur. (AC +1)
You have extremely tough skin. (AC +3)


Message History

You claw the troll! x2
The troll is severely wounded.
The troll barely misses you. The troll claws you!
The troll claws you but does no damage. The troll bites you!
The troll claws you! The troll misses you.
You barely miss the troll.
The troll is severely wounded.
The troll barely misses you. The troll claws you!
* * * LOW HITPOINT WARNING * * *
The troll completely misses you.
You barely miss the troll.
The troll is severely wounded.
You closely miss the troll. You claw the troll!
The troll is almost dead.
The troll bites you!
* * * LOW HITPOINT WARNING * * *
The troll claws you.
* * * LOW HITPOINT WARNING * * *
The troll claws you!
You die...

#.# #.# . ##+#'######...
#.>..........#
#.......####.# #.......#
.# #.......####.##
##'#####......# #.#
#..@!..# #.# #.T....#
#####.#####......#
#................#
#................+
#.....≈≈≈....≈...#..≈≈≈.
#.....≈≈............≈≈...
#.........................
#.........................


You could see a troll.

Vanquished Creatures
  A two-headed ogre (D:8)
  3 hippogriffs
  3 hungry ghosts
  Duvessa (D:4)
  2 orc warriors (D:8)
  5 centaurs
  3 necrophages
  6 ogres
  2 wolves (D:7)
  3 big kobolds
  6 bullfrogs
  3 gnoll sergeants
  Dowan (D:4)
  A wyvern zombie (D:6)
  6 killer bees (D:8)
  A water moccasin skeleton (D:8)
  A scorpion (D:4)
  7 wights (D:7)
  5 howler monkeys
  3 crimson imps
  A centaur zombie (D:5)
  A quasit (D:8)
  2 bullfrog skeletons
  6 jellies
  3 orc priests
  7 hounds (D:7)
  8 orc wizards
  2 gnoll shamans (D:7)
  Jessica (D:2)
  2 iguanas
  4 worker ants
  4 hound skeletons
  A worker ant zombie (D:7)
  22 gnolls
  A howler monkey skeleton (D:4)
  13 adders
  A river rat (D:5)
  2 shadow imps
  2 oozes
  2 adder skeletons (D:4)
  3 worms
  4 dart slugs
  6 leopard geckos
  11 orcs
  6 ball pythons
  7 bats
  3 giant cockroaches
  12 goblins
  5 hobgoblins
  6 jackals
  37 kobolds
  4 quokkas
  5 frilled lizards
  A quokka zombie (D:4)
  16 rats
  A plant (D:4)
275 creatures vanquished.

Notes
Turn   | Place    | Note
-------+----------+-------------------------------------------
     0 | D:1      | Abzac the Troll Monk began the quest for the Orb.
     0 | D:1      | Reached XP level 1. HP: 22/22 MP: 0/0
   225 | D:1      | Reached XP level 2. HP: 29/29 MP: 1/1
   989 | D:2      | Found a snail-covered altar of Cheibriados.
   991 | D:2      | Reached XP level 3. HP: 36/36 MP: 2/2
  1000 | D:2      | Noticed Jessica
  1022 | D:2      | Killed Jessica
  1022 | D:2      | Reached skill level 4 in Unarmed Combat
  1043 | D:2      | Found a faded altar of an unknown god.
  1101 | D:2      | Reached XP level 4. HP: 39/44 MP: 3/3
  1167 | D:2      | Reached skill level 5 in Unarmed Combat
  1167 | D:2      | Reached XP level 5. HP: 24/52 MP: 4/4
  2467 | D:4      | Reached skill level 6 in Unarmed Combat
  2467 | D:4      | Reached XP level 6. HP: 46/61 MP: 5/5
  2592 | D:4      | Found a burning altar of Makhleb.
  2798 | D:4      | Noticed Duvessa
  2800 | D:4      | Noticed Dowan
  2815 | D:4      | Killed Duvessa
  2815 | D:4      | Reached skill level 7 in Unarmed Combat
  2815 | D:4      | Reached XP level 7. HP: 61/67 MP: 6/6
  2823 | D:4      | Killed Dowan
  3361 | D:4      | Found a staircase to the Ecumenical Temple.
  3372 | Temple   | Entered the Ecumenical Temple
  3399 | Temple   | Became a worshipper of the Wu Jian Council
  3399 | Temple   | Reached * piety under Wu Jian
  3399 | Temple   | Reached ** piety under Wu Jian
  3687 | D:5      | Entered Level 5 of the Dungeon
  3726 | D:5      | Found a radiant altar of Vehumet.
  3735 | D:5      | Reached skill level 8 in Unarmed Combat
  4062 | D:5      | Reached XP level 8. HP: 71/75 MP: 7/7
  4186 | D:5      | You fall into a shaft and drop 3 floors!
  4198 | D:7      | Reached skill level 9 in Unarmed Combat
  4501 | D:6      | Reached skill level 10 in Unarmed Combat
  4796 | D:5      | Found Rayniqe's Jewellery Boutique.
  5431 | D:6      | Reached XP level 9. HP: 80/80 MP: 8/8
  5605 | D:6      | Reached *** piety under Wu Jian
  5653 | D:6      | Reached skill level 11 in Unarmed Combat
  5764 | D:6      | Found Pixeos's Jewellery Shoppe.
  5888 | D:7      | Noticed execc's ghost (novice OpCj)
  5889 | D:7      | Found a bloodstained altar of Trog.
  5895 | D:7      | Noticed a moth of wrath
  5940 | D:7      | Found a transporter.
  5942 | D:7      | Identified the +6 trident of Superiority {vamp, Str+2
                  | Dex+3}
  5948 | D:7      | Found Qerruin's Food Shop.
  5950 | D:7      | Found an iron altar of Okawaru.
  5998 | D:7      | Found Dufi's Antique Weapon Shop.
  6064 | D:7      | Found Axorgh's Food Boutique.
  6113 | D:7      | Found Teczog's Jewellery Emporium.
  6123 | D:7      | Found a transporter.
  6182 | D:7      | Reached skill level 12 in Unarmed Combat
  6318 | D:7      | Found a shadowy altar of Dithmenos.
  6582 | D:7      | Noticed a troll
  6827 | D:7      | Reached **** piety under Wu Jian
  7049 | D:8      | Reached skill level 13 in Unarmed Combat
  7050 | D:8      | Reached XP level 10. HP: 81/88 MP: 9/9
  7157 | D:8      | Noticed a two-headed ogre
  7342 | D:8      | Killed a two-headed ogre
  7489 | D:8      | Reached skill level 5 in Dodging
  7659 | D:8      | Reached skill level 14 in Unarmed Combat
  7882 | D:8      | Found a shattered altar of Ashenzari.
  7884 | D:8      | Found a glowing golden altar of the Shining One.
  7884 | D:8      | Found a hazy altar of Hepliaklqana.
  7884 | D:8      | Found a sacrificial altar of Ru.
  7885 | D:8      | Found a glowing silver altar of Zin.
  7885 | D:8      | Found a hide-covered altar of Uskayaw.
  7885 | D:8      | Found a sparkling altar of Nemelex Xobeh.
  7885 | D:8      | Found a shimmering altar of Xom.
  8310 | D:9      | Found a staircase to the Lair.
  8352 | D:9      | Slain by a troll

Illustrated notes

Levels and vault maps discovered:
D:1:      nzn_arrival_crosshair, layout_basic
D:2:      layout_rooms, cheibriados_altar_1,
          chequers_ecumenical_altar_simple_redux, uniq_jessica
D:3:      layout_loops_ring
D:4:      kennysheep_kobold_camp, layout_basic, makhleb_grotto_becter,
          minmay_temple_entry_statues_pillars, first_ration, uniq_duvessa
D:5:      layout_basic, nicolae_overflow_crystal_walls, portal_sewer_entry_a,
          serial_shops, nicolae_shop_temple_entry_statues_fountains,
          bh_walls_and_bars
D:6:      layout_basic, serial_shops, kennysheep_mini
D:7:      layout_cave_pools, nicolae_dithmenos_the_darkroom,
          lemuel_crystal_altar, serial_gnoll_camp, gnoll_camp_mini_hut,
          gnoll_camp_mini_basic, gnoll_camp_medium_01, gnoll_camp_mini_doghouse,
          gnoll_camp_mini_doghouse, serial_shops, nicolae_shop_window_shopping,
          shop_coins, shop, shop, gammafunk_ghost_wrathful_warriors
D:8:      layout_loops_ring, grunt_temple_overflow_open
D:9:      layout_basic, lair_entry_dummy, uniq_maurice
Temple:   compressed_dpeg_triangle_lava_temple

Skill      XL: |  1  2  3  4  5  6  7  8  9 10 |
---------------+-------------------------------+-----
Unarmed Combat | 4 5 6 7 8 10 13 14 | 14.5
Dodging        | 3 4 5 |  5.2
Fighting       | 3 4 |  4.0
Stealth        | |  1.0

Action                   |  1- 3 |  4- 6 |  7- 9 | 10-12 || total
-------------------------+-------+-------+-------+-------++-------
Melee: Unarmed           |    79 |   165 |   363 |   164 ||   771
       Punch             |     1 |     3 |    17 |    17 ||    38
Invok: Lunge             |       |       |    26 |     9 ||    35
       Whirlwind         |       |       |     9 |    12 ||    21
       Serpent's Lash    |       |       |       |     1 ||     1
 Abil: Wall Jump         |       |       |       |     1 ||     1
  Use: Scroll            |       |     1 |     9 |       ||    10
       Potion            |       |       |       |     2 ||     2
 Stab: Sleeping          |     3 |     3 |     1 |     3 ||    10
  Eat: Chunk             |    16 |    15 |    44 |    23 ||    98
Armor: Robe              |    22 |    47 |    86 |    48 ||   203
Dodge: Dodged            |    38 |    80 |   193 |   134 ||   445
